 Dungeon Crawl Stone Soup version 0.30-a0-355-g4c39ff33d3 (webtiles) character file.

Game seed: 14954041201015162993

29 Elric the Poker (level 3, 0/27 HPs)
             Began as a Merfolk Reaver on Nov 8, 2022.
             Slain by an adder (2 damage)
             ... on level 2 of the Dungeon.
             The game lasted 00:01:07 (92 turns).

Elric the Poker (Merfolk Reaver)                      Turns: 92, Time: 00:01:08

Health: 0/27       AC:  3    Str: 14    XL:     3   Next: 16%
Magic:  0/6        EV: 12    Int: 12    God:
Gold:   23         SH:  0    Dex: 12    Spells: 5/6 levels left

rFire   . . .      SeeInvis .    d - +0 trident
rCold   . . .      Faith    .    (no shield)
rNeg    . . .      Spirit   .    b - +0 leather armour
rPois   .          Reflect  .    (no helmet)
rElec   .          Harm     .    (no cloak)
rCorr   .          Rampage  .    (no gloves)
Will    .....                    (no boots)
Stlth   +.........               (no amulet)
HPRegen 0.24/turn                (no ring)
MPRegen 0.10/turn                (no ring)

@: no status effects
A: (nimble swimmer 2), mertail
a: no special abilities


You were on level 2 of the Dungeon.
You visited 1 branch of the dungeon, and saw 2 of its levels.

You collected 23 gold pieces.

Inventory:

Hand Weapons
 a - a +0 spear
 d - a +0 trident (weapon)
Armour
 b - a +0 leather armour (worn)
Scrolls
 c - a scroll of identify {unknown}


   Skills:
 - Level 2.1 Fighting
 + Level 5.6 Polearms
 - Level 2.6 Dodging
 - Level 2.0 Spellcasting
 - Level 2.4 Conjurations


You had 5 spell levels left.
You knew the following spells:

 Your Spells              Type           Power      Damage    Failure   Level
a - Kiss of Death         Conj/Necr      16%        2d6       22%         1

Your spell library contained the following spells:

 Spells                   Type           Power      Damage    Failure   Level
 Momentum Strike          Conj/Tloc      8%         3d8       32%         2
 Hailstorm                Conj/Ice       4%         3d4       54%         3


Dungeon Overview and Level Annotations

Branches:
Dungeon (1/15)

Altars:


Innate Abilities, Weirdness & Mutations

((You are very nimble when in or above water. (Stealth+, EV+, Speed+++)))
Your lower body shifts to a powerful aquatic tail in water.


Message History

The negative energy hits Terence.
Terence is drained!
Terence is severely wounded.
You feel drained.
The goblin shouts!
Terence barely misses you.
Casting: Kiss of Death (safe; 22% risk of failure)
Confirm with . or Enter, or press ? or * to list all spells.
Aiming: Kiss of Death (safe; 22% risk of failure)
Press: ? - help, Shift-Dir - straight line, f/p - Terence
Aim: Terence, wielding a +2 mace of protection and wearing a +0 ring mail (severely wounded, heavily drained, 100% to hit)
The negative energy hits Terence.
Terence is drained!
Terence is almost dead.
You feel drained. The frilled lizard closely misses you.
Terence hits you with a +2 mace of protection.
Ouch! That really hurt!
* * * LOW HITPOINT WARNING * * *
Casting: Kiss of Death (safe; 22% risk of failure)
Confirm with . or Enter, or press ? or * to list all spells.
You don't have enough magic to cast this spell.
You hit Terence.
You kill Terence!
The frilled lizard completely misses you.
The adder misses you.
Your life force feels restored.
Your Polearms skill increases to level 5!
You have reached level 2!
You have reached level 3!
Your experience leads to an increase in your attributes!
Increase (S)trength, (I)ntelligence, or (D)exterity?
You feel stronger. x2
You aren't carrying any potions.
You aren't carrying any potions.
You hit the adder.
The adder is lightly wounded.
The adder barely misses you.
The frilled lizard bites you but does no damage.
You closely miss the adder.
The adder is lightly wounded.
The adder bites you.
You die...

....#...........#
....#...........#
..|.............#
#...............#
#...............###
#......####.......#
#......# #.......#
#......# #.......#
.......# #[....@.#
.......# #....lgS#
.......# #..(....#
#......# #.......#
.......# #.......#
##+##### +........
#.......##
###...... ..###.#.


You could see an adder, a goblin and a frilled lizard.

Vanquished Creatures
  Terence (D:2)
  A bat (D:1)
  An endoplasm (D:1)
  A goblin (D:1)
4 creatures vanquished.

Notes
Turn   | Place    | Note
-------+----------+-------------------------------------------
     0 | D:1      | Elric the Merfolk Reaver began the quest for the Orb.
     0 | D:1      | Reached XP level 1. HP: 16/16 MP: 3/3
    51 | D:1      | You fall into a shaft and drop 1 floor!
    80 | D:2      | Noticed Terence
    90 | D:2      | Killed Terence
    91 | D:2      | Reached skill level 5 in Polearms
    91 | D:2      | Reached XP level 2. HP: 2/22 MP: 0/5
    91 | D:2      | Reached XP level 3. HP: 2/27 MP: 0/6
    92 | D:2      | Slain by an adder

Illustrated notes

Levels and vault maps discovered:
D:1:      erik_arrival_cave_to_civilisation [erik_arrival_cave_to_hall],
          layout_rooms
D:2:      layout_basic, serial_shops, nicolae_shop_competitors_out_of_business,
          minmay_tromino_i4, uniq_natasha, uniq_terence, uniq_sigmund

Skill      XL: |  1 |
---------------+----+-----
Polearms       | 5 |  5.6
Fighting       | |  2.1
Dodging        | |  2.6
Spellcasting   | |  2.0
Conjurations   | |  2.4

Action                   || total
-------------------------++-------
Melee: Spear             ||    16
       Trident           ||     4
 Cast: Kiss of Death     ||     3
Armor: Leather armour    ||    11
Dodge: Dodged            ||    13

Table legend: (Time is in decaauts)
 A = Elapsed time spent in this place.
 B = Non-inter-level travel time spent in this place.
 C = Inter-level travel time spent in this place.
 D = Time resting spent in this place.
 E = Time spent auto-exploring this place.
 F = Levels seen in this place.
 G = Mean time per level.
                   A        B        C        D        E       F      G
               +--------+--------+--------+--------+--------+-----+--------+
         Total |     89 |     89 |      0 |      0 |     45 |   2 |   44.5 |
       Dungeon |     89 |     89 |      0 |      0 |     45 |   2 |   44.5 |
               +--------+--------+--------+--------+--------+-----+--------+

Top non-repeatable levels by time:
     D:1: 49 daAuts
     D:2: 40 daAuts
